 Dungeon Crawl Stone Soup version 0.29.1-2-gbd0b4ee654 (webtiles) character file.

Game seed: 14492324934226079250

1219 Haldmier the Sneak (level 8, 0/37 (43) HPs)
             Began as a Tengu Hedge Wizard on Nov 27, 2022.
             Slain by a wight
             ... wielding a +2 halberd of freezing
              (5 damage)
             ... on level 6 of the Dungeon.
             The game lasted 00:35:05 (8726 turns).

Haldmier the Sneak (Tengu Hedge Wizard)             Turns: 8726, Time: 00:35:07

HP:   0/37 (43)     AC:  3    Str: 10    XL:     8   Next: 47%
MP:   9/15          EV: 16    Int: 16    God:
Gold: 279           SH:  0    Dex: 15    Spells: 5/16 levels left

rFire   . . .      SeeInvis .   x - +3 hand axe (flame)
rCold   . . .      Faith    .   (no shield)
rNeg    . . .      Spirit   .   B - +0 leather armour of Duustulu {rElec Stlth+}
rPois   .          Reflect  .   c - +0 hat
rElec   +          Harm     .   (no cloak)
rCorr   .          Rampage  .   (no gloves)
Will    .....                   (boots unavailable)
Stlth   ++++......              (no amulet)
HPRegen 0.12/turn               (no ring)
MPRegen 0.14/turn               (no ring)

@: flying quickly and evasively, heavily drained, quick
A: beak, talons 3, nimble flight
a: no special abilities


You were on level 6 of the Dungeon.
You visited 1 branch of the dungeon, and saw 6 of its levels.

You collected 279 gold pieces.

Inventory:

Hand Weapons
 o - a +3 dagger
 w - a +0 falchion
 x - a +3 hand axe of flaming (weapon)
 y - a +0 scimitar
Missiles
 j - 2 throwing nets
 t - 19 poisoned darts
Armour
 b - a +0 robe
 c - a +0 hat (worn)
 h - a +0 ring mail
 B - the +0 leather armour of Duustulu (worn) {rElec Stlth+}
   (You found it on level 6 of the Dungeon)

   rElec:     It insulates you from electricity.
   Stlth:     It makes you more stealthy.
Wands
 D - a wand of polymorph (6)
Scrolls
 e - a scroll of magic mapping {unknown}
 i - a scroll of noise {unknown}
 m - 3 scrolls of fear {unknown}
 q - 2 scrolls of fog
 r - 2 scrolls of amnesia
 v - 3 scrolls of teleportation
 z - a scroll of vulnerability {unknown}
 A - a scroll of enchant weapon {unknown}
Potions
 a - 3 potions of might
 d - a potion of magic
 f - 4 potions of cancellation
 g - 3 potions of attraction
 k - 2 potions of curing
 l - 2 potions of lignification {unknown}
 n - 3 potions of brilliance
 p - a potion of mutation {unknown}
 s - a potion of invisibility {unknown}
 u - a potion of ambrosia {unknown}
 E - 2 potions of heal wounds


   Skills:
 + Level 1.0 Fighting
 + Level 5.0 Dodging
 + Level 5.1 Stealth
 + Level 4.5 Spellcasting
 - Level 3.0 Conjurations
 - Level 3.0 Summonings
 - Level 2.0 Translocations
 - Level 3.0 Fire Magic
 + Level 3.7 Air Magic
 + Level 2.7 Poison Magic


You had 5 spell levels left.
You knew the following spells:

 Your Spells              Type           Power      Damage    Failure   Level
a - Magic Dart            Conj           52%        1d5       6%          1
b - Call Imp              Summ           13%        N/A       10%         2
c - Blink                 Tloc           20%        N/A       14%         2
d - Mephitic Cloud        Conj/Pois/Air  13%        N/A       19%         3
e - Conjure Flame         Conj/Fire      13%        6-21      19%         3

Your spell library contained the following spells:

 Spells                   Type           Power      Damage    Failure   Level
 Slow                     Hex            12%        N/A       22%         1
 Summon Guardian Golem    Hex/Summ       8%         N/A       34%         3
 Orb of Destruction       Conj           6%         9d6       100%        7
 Spellforged Servitor     Conj/Summ      6%         N/A       100%        7


Dungeon Overview and Level Annotations

Branches:
Dungeon (6/15)
 Temple: D:4-7

Altars:
Sif Muna
Trog
Yredelemnul

Shops:
D:6 *

Annotations:
D:3 1 runed translucent door
D:6 exclusion: vampire, Blork the orc


Innate Abilities, Weirdness & Mutations

You have a beak for a mouth.
You have claws for feet.
Your magical nature lets you fly swiftly and evasively.


Message History

The wight is lightly damaged.
Your crimson imp blinks!
Your crimson imp blinks!
Casting: Magic Dart (safe; 6% risk of failure)
Confirm with . or Enter, or press ? or * to list all spells.
Aiming: Magic Dart (safe; 6% risk of failure)
Press: ? - help, Shift-Dir - straight line, f/p - wight
Aim: a wight, wielding a +2 halberd of freezing and wearing a +0 robe (lightly damaged, ally target, 100% to hit)
The magic dart hits the wight but does no damage.
The wight is lightly damaged.
Casting: Magic Dart (safe; 6% risk of failure)
Confirm with . or Enter, or press ? or * to list all spells.
Aiming: Magic Dart (safe; 6% risk of failure)
Press: ? - help, Shift-Dir - straight line, f/p - wight
Aim: a wight, wielding a +2 halberd of freezing and wearing a +0 robe (lightly damaged, ally target, 100% to hit)
The magic dart hits the wight but does no damage.
The wight is lightly damaged.
The wight closely misses you.
Your crimson imp blinks!
The wight misses you.
You closely miss the wight. Your kick misses the wight.
The wight is lightly damaged.
The wight hits you with a +2 halberd of freezing!
You feel drained. The wight freezes you.
You hit the wight but do no damage. Your peck misses the wight.
The wight is lightly damaged.
The wight completely misses you.
Casting: Magic Dart (safe; 6% risk of failure)
Confirm with . or Enter, or press ? or * to list all spells.
A beastly little devil appears in a puff of flame.
The wight hits you with a +2 halberd of freezing.
You feel drained. The wight freezes you.
You hit the wight but do no damage. Your peck misses the wight.
The wight is lightly damaged.
The wight hits you with a +2 halberd of freezing!
The wight freezes you.
The wight hits you with a +2 halberd of freezing!
* * * LOW HITPOINT WARNING * * *
You feel drained.
You die...

### ###### ..# #....# #.#
##....##### #.# #.........#
##. #.##### #.#
#.@z..###.####.z...
#....>###.# #.5...#
#..z.z..#
#...#.#####.....########..#
#.#................<...# #
#.#####.######.........#..#
#.# #.# #............#
#####.## #.# #.........##.#
#......# #.# #.........# #
#......# #.## ###########
.#


You could see a wight (ally target) and a friendly crimson imp (summoned).

Vanquished Creatures
  A black bear (D:4)
  A kobold brigand (D:6)
  A scorpion (D:5)
  A necrophage (D:4)
  A jelly (D:5)
  An orc priest (D:3)
  A hound (D:5)
  An iguana (D:6)
  An orc wizard (D:5)
  Natasha (thrice) (D:3)
  Robin (D:3)
  3 adders
  A shadow imp (D:5)
  3 dart slugs
  8 orcs
  5 bats
  10 endoplasms
  2 giant cockroaches
  9 hobgoblins
  4 jackals (D:5)
  15 kobolds
  3 quokkas
  9 ball pythons
  A frilled lizard (D:1)
  10 goblins
  A goblin zombie (D:3)
  8 rats
105 creatures vanquished.

Vanquished Creatures (collateral kills)
  An ice beast (D:6)
  2 ogres
  A bullfrog (D:6)
  A scorpion (D:5)
  A necrophage (D:6)
  A hound (D:4)
  A jelly (D:5)
  4 gnolls (D:4)
  3 adders (D:2)
  3 orcs (D:3)
  6 goblins (D:3)
  3 hobgoblins (D:3)
  A kobold (D:6)
28 creatures vanquished.

Vanquished Creatures (others)
  3 plants
3 creatures vanquished.

Grand Total: 136 creatures vanquished

Notes
Turn   | Place    | Note
-------+----------+-------------------------------------------
     0 | D:1      | Haldmier the Tengu Hedge Wizard began the quest for the
                  | Orb.
     0 | D:1      | Reached XP level 1. HP: 10/10 MP: 5/5
   379 | D:1      | Reached XP level 2. HP: 15/15 MP: 1/7
   433 | D:1      | Learned a level 2 spell: Call Imp
   436 | D:1      | Learned a level 2 spell: Blink
   744 | D:1      | Found a faded altar of an unknown god.
  1647 | D:1      | Reached XP level 3. HP: 19/19 MP: 4/8
  2532 | D:2      | Reached skill level 1 in Translocations
  2719 | D:2      | Reached XP level 4. HP: 24/24 MP: 6/9
  3109 | D:3      | Found a runed translucent door.
  3109 | D:3      | Noticed a human
  3225 | D:3      | Found a basalt altar of Yredelemnul.
  3827 | D:3      | Noticed Natasha
  3845 | D:3      | Gained mutation: Your magical nature lets you fly swiftly
                  | and evasively. [Tengu growth]
  3845 | D:3      | Reached XP level 5. HP: 24/28 MP: 7/11
  4032 | D:3      | Noticed Robin
  4051 | D:3      | Killed Robin
  4158 | D:3      | Killed Natasha
  4690 | D:3      | Found a runed translucent door.
  4691 | D:3      | Found a basalt altar of Yredelemnul.
  4782 | D:3      | Noticed Natasha
  4784 | D:3      | Killed Natasha
  5196 | D:3      | Found a runed translucent door.
  5200 | D:3      | Found a basalt altar of Yredelemnul.
  5227 | D:3      | Noticed Natasha
  5232 | D:3      | Killed Natasha
  5233 | D:3      | Reached XP level 6. HP: 26/32 MP: 9/12
  5527 | D:4      | Noticed a black bear
  5751 | D:4      | Learned a level 3 spell: Mephitic Cloud
  5755 | D:4      | Learned a level 3 spell: Conjure Flame
  5893 | D:5      | Entered Level 5 of the Dungeon
  6059 | D:4      | Reached skill level 1 in Fire Magic
  6059 | D:4      | Reached skill level 1 in Air Magic
  6187 | D:4      | Killed a black bear
  6188 | D:4      | Reached skill level 1 in Poison Magic
  6188 | D:4      | Reached XP level 7. HP: 11/36 MP: 2/13
  6957 | D:5      | Found a shimmering blue altar of Sif Muna.
  7138 | D:5      | You are sucked into a shaft and drop 1 floor!
  7170 | D:6      | Identified the +0 leather armour of Duustulu {rElec Stlth+}
  7272 | D:6      | Noticed Blork the orc
  7274 | D:6      | Noticed a vampire
  7552 | D:5      | Found a bloodstained altar of Trog.
  7588 | D:5      | Reached XP level 8. HP: 39/41 MP: 11/15
  8006 | D:6      | Found Xuops's General Store.
  8514 | D:6      | Reached skill level 1 in Fighting
  8514 | D:6      | Reached skill level 5 in Dodging
  8514 | D:6      | Reached skill level 5 in Stealth
  8726 | D:6      | Slain by a wight

Illustrated notes

Levels and vault maps discovered:
D:1:      dpeg_arrival_water_fire, layout_basic,
          hellmonk_ecumenical_altar_arch_garden
D:2:      layout_loops_ring
D:3:      layout_basic, dk_yredelemnul_ordeal, minmay_misc_feat_rows,
          corexii_shack, chequers_garden, uniq_robin, uniq_natasha
D:4:      layout_rooms, serial_bayou_pond_e
D:5:      layout_rooms, trog_book, kennysheep_mini, serial_rivers,
          chequers_serial_rivers_micro_b, chequers_serial_rivers_micro_e,
          chequers_serial_rivers_micro_b, chequers_serial_rivers_small_b
D:6:      layout_basic, serial_shops, shop, nicolae_titane, uniq_blork_the_orc

Skill      XL: |  1  2  3  4  5  6  7  8 |
---------------+-------------------------+-----
Conjurations   | 2 3 |  3.0
Translocations | 1 2 |  2.0
Dodging        | 3 4 5 |  5.0
Stealth        | 3 4 5 |  5.1
Summonings     | 2 3 |  3.0
Fire Magic     | 1 2 3 |  3.0
Air Magic      | 1 3 |  3.7
Poison Magic   | 1 2 |  2.7
Spellcasting   | 4 |  4.5
Fighting       | 1 |  1.0

Action                   |  1- 3 |  4- 6 |  7- 9 || total
-------------------------+-------+-------+-------++-------
Melee: Dagger            |    10 |     6 |       ||    16
       Kick              |     3 |    10 |    13 ||    26
       Peck              |     1 |     6 |     8 ||    15
       Hand axe          |       |    42 |    49 ||    91
       Punch             |       |     1 |       ||     1
 Cast: Magic Dart        |    93 |   110 |    72 ||   275
       Call Imp          |     2 |    23 |    20 ||    45
       Conjure Flame     |       |       |     5 ||     5
  Use: Scroll            |       |     6 |     5 ||    11
 Stab: Sleeping          |     2 |     2 |     1 ||     5
       Distracted        |       |     1 |       ||     1
Armor: Robe              |     2 |     2 |     1 ||     5
       Leather armour    |       |       |     7 ||     7
Dodge: Dodged            |     5 |    31 |    47 ||    83
